[Event "Championnat d'Europe de Blitz"]
[Date "2024.12.09"]
[White "Arnaudov, G. Petar"]
[Black "Sarana, Alexey"]
[WhiteElo "2401"]
[BlackElo "2674"]
[Round "6.3"]
[Result "0-1"]
[TimeControl "180+2"]

1. Nf3 d5 2. g3 g6 3. c4 dxc4 4. Na3 Bg7 5. Nxc4 Be6 6. d3 Bxc4 7. dxc4 Qxd1+ 8. Kxd1 Nc6 9. a3 Nf6 10. Bg2 Ne4 11. Rf1 Na5 12. Kc2 Nxc4 13. Ne1 Ned6 14. Nd3 O-O-O 15. Rb1 Nb5 16. e3 Bxb2 17. Bxb2 Nbxa3+ 18.
Bxa3 Nxa3+ 19. Kc3 Nxb1+ 20. Rxb1 c6 21. Ne5 Rhf8 22. Bf1 Rd5 23. f4 f6 24. Nd3 Kc7 25. Bg2 Ra5 26. Rb3 Rd8 27. Nb2 Ra1 28. Be4 Rc1+ 29. Bc2 Rd5 30. Nd3 Rh1 31. Ra3 a6 32. e4 Rd6 33. e5 fxe5 34. Nxe5 Rxh2 35. Nf7 Rd5 36. Ng5 Rc5+ 37. Kd4 0-1

[Site "Europe Echecs"]

[Event "Championnat d'Europe de Blitz"]
[Date "2024.12.09"]
[White "Korobov, Anton"]
[Black "Peyrer, Konstantin"]
[WhiteElo "2629"]
[BlackElo "2440"]
[Round "6.4"]
[Result "1-0"]
[TimeControl "180+2"]

1. e4 e5 2.
Nf3 Nc6 3.
Bc4 Nf6 4.
d3 d5 5.
exd5 Nxd5 6.
O-O Nb6 7.
Bb5 Bd6 8.
Re1 f6 9. d4 O-O 10. c3 exd4 11.
cxd4 Bg4 12.
Be3 Kh8 13.
Nc3 Ne7 14.
h3 Bh5 15.
Ne4 Nbd5 16.
Bd2 a6 17.
Be2 Nc6 18.
Nh4 Bf7 19.
Nf5 Bg6 20.
Bg4 Nde7 21.
Nexd6 cxd6 22. Nxe7 Nxe7 23. Qb3 Nc6 24. Qxb7 Nxd4 25. Rac1 Rb8 26. Qxa6 Rxb2 27. Bc3 Rb6 28. Qc4 Nc2 29. Red1 Qa8 30. a4 Be4 31. a5 Rbb8 32. Rxd6 Na3 33. Qa6 Bxg2 34. Qxa8 Bxa8 35. Rb6 Nc4 36. Rxb8 Rxb8 37. a6 Bd5 38. Bd4 Rd8 39. a7 Kg8 40. Rb1 Kf7 1-0

[Site "Europe Echecs"]

[Event "Championnat d'Europe de Blitz"]
[Date "2024.12.09"]
[White "Deac, Bogdan-Daniel"]
[Black "Quparadze, Giga"]
[WhiteElo "2696"]
[BlackElo "2537"]
[Round "6.5"]
[Result "1/2-1/2"]
[TimeControl "180+2"]

1. d4 Nf6 2.
c4 e6 3. Nc3 Bb4 4. e3 O-O 5. Bd3 c5 6. Nge2 d5 7. cxd5 cxd4 8. exd4 exd5 9. O-O h6 10. Bf4 Bd6 11. Qd2 Bxf4 12. Nxf4 Nc6 13. Bc2 Na5 14. Qd3 Re8 15. Rfe1 Be6 16. Re2 Qd6 17. g3 Nc6 18. a3 Bg4 19. Rxe8+ Rxe8 20. f3 Bc8 21. Kf2 g5 22. Ng2 Ne7 23. Re1 Bf5 24. Qd2 Bxc2 25. Qxc2 Qd7 26. Qd3 Qh3 27. Kg1 Qd7 28. Re2 Nc6 29. Rxe8+ Qxe8 30. Ne3 Qe6 31. Kf2 Qh3 32. Kg1 Qe6 33. Kg2 Kf8 34. Nf5 Ne8 35. Ne3 Nf6 36. Kf2 Qh3 37. Kg1 Qe6 38. Kf2 Qh3 39. Kg1 Qe6 40. Kf2 1/2-1/2

[Site "Europe Echecs"]

[Event "Championnat d'Europe de Blitz"]
[Date "2024.12.09"]
[White "Zlatkov, Anton"]
[Black "Santos Latasa, Jaime"]
[WhiteElo "2324"]
[BlackElo "2628"]
[Round "6.6"]
[Result "1-0"]
[TimeControl "180+2"]

1. e4 c5 2. Nf3 e6 3. d4 cxd4 4. Nxd4 Nc6 5. Nc3 Qc7 6. Be3 a6 7.
Qf3 h5 8.
Nxc6 Qxc6 9.
O-O-O b5 10.
Bd3 Bb7 11. Rhe1 Rc8 12. Kb1 Nf6 13. Bd4 Be7 14. Nd5 exd5 15. exd5 Qxd5 16.
Bxf6 Qxf3 17. Rxe7+ Kf8 18. gxf3 gxf6 19. Rxd7 Bxf3 20. Re1 Rg8 21. b4 Re8 22. Rxe8+ Kxe8 23. Ra7 Rg2 24. Rxa6 Rxh2 25. Rxf6 Bd5 26.
Bxb5+ Ke7 27. Rh6 h4 28. Bc6 Be6 29. a4 Kd6 30. Be4 Ke5 31. Bc6 Kd6 32. Be4 Ke5 33. Bb7 h3 34. a5 Rxf2 35. a6 Bf5 36. Rh5 Kf6 37. a7 Rxc2 38. Rxf5+ 1-0

[Site "Europe Echecs"]

[Event "Championnat d'Europe de Blitz"]
[Date "2024.12.09"]
[White "Van Foreest, Jorden"]
[Black "Domingo Nunez, Ruben"]
[WhiteElo "2677"]
[BlackElo "2409"]
[Round "6.7"]
[Result "1-0"]
[TimeControl "180+2"]

1. e4 Nf6 2.
e5 Nd5 3. d4 d6 4. Nf3 dxe5 5. Nxe5 c6 6. h3 Nd7 7. Nf3 N7f6 8. Be2 Bf5 9. O-O e6 10. a3 Bd6 11. Re1 O-O 12. c4 Ne7 13. Nc3 Bg6 14. Bg5 Ne4 15. Bh4 Nxc3 16. bxc3 Qc7 17. c5 Bf4 18. g3 Bh6 19. Bxe7 Qxe7 20. Bd3 Bh5 21. Kg2 Qf6 22. Be4 Rad8 23. Qc2 Kh8 24. Ne5 Bg6 25. Bxg6 hxg6 26. Rab1 Qe7 27. Qxg6 Bd2 28. Qh5+ Kg8 29. Re4 Qf6 30. Rh4 Bh6 31. Rxb7 Rb8 32. Rxb8 Rxb8 33. Nd7 Qd8 34. Nxb8 Qxb8 35. Qf3 Qb5 36. Re4 Bd2 37. Re5 a5 38. h4 a4 39. h5 Qb3 40.
Qxc6 Qxa3 41. Qe8+ Kh7 42. Qxf7 Qb3 43. Rxe6 Qd5+ 44. f3 Qa2 45. Qf5+ Kg8 46. Re8# 1-0

[Site "Europe Echecs"]

[Event "Championnat d'Europe de Blitz"]
[Date "2024.12.09"]
[White "Pultinevicius, Paulius"]
[Black "Koelle, Tobias"]
[WhiteElo "2579"]
[BlackElo "2437"]
[Round "6.8"]
[Result "0-1"]
[TimeControl "180+2"]

1. c4 e6 2. Nf3 d5 3. e3 Nf6 4. Nc3 Bd6 5. b3 O-O 6. Bb2 c5 7. cxd5 exd5 8. d4 Nc6 9. Be2 cxd4 10. Nxd4 Re8 11. Nf3 Bc7 12. O-O a6 13. Rc1 Qd6 14. g3 Bh3 15. Re1 Rad8 16. Na4 Ne4 17. Nd2 Qh6 18. Nxe4 dxe4 19. Qc2 Be5 20. Bxe5 Nxe5 21. Nc5 Nf3+ 22. Bxf3 exf3 23.
Nxb7 Bc8 24.
Kh1 Bxb7 25.
Qc7 Qh3 26. Rg1 Rc8 0-1

[Site "Europe Echecs"]

[Event "Championnat d'Europe de Blitz"]
[Date "2024.12.09"]
[White "Zajic, Milan"]
[Black "Fedoseev, Vladimir"]
[WhiteElo "2392"]
[BlackElo "2709"]
[Round "6.9"]
[Result "0-1"]
[TimeControl "180+2"]

1. e4 c5 2. Nf3 Nc6 3. Bb5 g6 4. O-O Bg7 5. Re1 Nf6 6. c3 O-O 7. d4 Qb6 8. Ba4 d5 9. e5 Ne4 10. h3 cxd4 11. cxd4 Bf5 12. Nc3 Rfd8 13. Bb3 Nxc3 14. bxc3 Na5 15. Ba3 Qc7 16. Rc1 Bh6 17. Nd2 Rac8 18. Qe2 b5 19. Rcd1 Qxc3 20. Bxe7 Bd3 21. Qf3 Bxd2 22. Bxd8 Nxb3 23. axb3 Rxd8 24. Rxd2 Qxd2 25. Rd1 Be2 26. Rxd2 Bxf3 27. gxf3 a5 28. Ra2 Ra8 29.
Kf1 Kg7 30.
Ke2 Kh6 31. f4 a4 32. Ra3 Kh5 33. Kf3 b4 0-1

[Site "Europe Echecs"]

[Event "Championnat d'Europe de Blitz"]
[Date "2024.12.09"]
[White "Costachi, Mihnea"]
[Black "Mamedov, Rauf"]
[WhiteElo "2464"]
[BlackElo "2656"]
[Round "6.10"]
[Result "0-1"]
[TimeControl "180+2"]

1. d4 d5 2. c4 e6 3. Nc3 c5 4. cxd5 cxd4 5. Qa4+ Bd7 6. Qxd4 exd5 7.
Qxd5 Nf6 8.
Qb3 Na6 9.
Nf3 Nc5 10.
Qd1 Nce4 11.
e3 Qa5 12.
Bd2 Nxd2 13.
Qxd2 Bb4 14.
Bd3 Rc8 15.
O-O Bxc3 16.
bxc3 Qxc3 17. Rfc1 Qxd2 18. Rxc8+ Ke7 19. Nxd2 Rxc8 20. Kf1 Be6 21. Ke2 Nd5 22. Kf3 b6 23. a4 a5 24. Bc4 Nb4 25. Bxe6 Kxe6 26.
Nb3 Rc3 27.
Nd4+ Kf6 28. g4 g6 29. h4 h6 30. Nb5 Rc2 31. Rd1 Ra2 32. Nc3 Ra3 33. Nd5+ Nxd5 34. Rxd5 Rb3 35. Rd7 Rb4 36. Rb7 h5 37.
gxh5 gxh5 38. e4 Ke6 39. Ke3 f5 40. f3 fxe4 41. fxe4 Ke5 42. Re7+ Kd6 43. Rh7 Rxa4 44. Rxh5 Ra1 45. Rh7 a4 46. Kd4 b5 47. Rh6+ Kc7 48. Kc5 a3 49. Ra6 a2 50. Ra7+ Kd8 51. Kb6 b4 52. h5 b3 53. h6 Rh1 54. Ra8+ Ke7 55. h7 Rxh7 56. Ra7+ Ke6 57. Rxh7 a1=Q 0-1

[Site "Europe Echecs"]

[Event "Championnat d'Europe de Blitz"]
[Date "2024.12.09"]
[White "Boyer, Mahel"]
[Black "Fressinet, Laurent"]
[WhiteElo "2526"]
[BlackElo "2588"]
[Round "6.11"]
[Result "0-1"]
[TimeControl "180+2"]

1. e4 e5 2. Nf3 Nc6 3. Nc3 Nf6 4. Nd5 Be7 5. Bd3 O-O 6. c3 d6 7. Bc2 Be6 8. Nxe7+ Qxe7 9. O-O d5 10. d4 Nxe4 11. dxe5 Rad8 12. Nd4 Nxd4 13. cxd4 f5 14. f3 Ng5 15. Be3 f4 16. Bf2 Bf5 17. Bb3 Ne6 18. Rc1 c6 19. Qd2 Kh8 20. g4 fxg3 21. hxg3 Bh3 22. f4 g5 23. Rfe1 gxf4 24. Kh2 Bg4 25. Rc3 Qf7 26. Kg2 f3+ 27. Kg1 Qh5 28.
Qd3 Ng5 29. Rc2 Nh3+ 30. Kf1 Nxf2 31. Kxf2 Qh2+ 32. Ke3 f2 0-1

[Site "Europe Echecs"]

[Event "Championnat d'Europe de Blitz"]
[Date "2024.12.09"]
[White "Lagarde, Maxime"]
[Black "Guliyev, Namig"]
[WhiteElo "2600"]
[BlackElo "2484"]
[Round "6.12"]
[Result "1-0"]
[TimeControl "180+2"]

1. c4 e5 2.
g3 Nf6 3.
Bg2 d5 4.
cxd5 Nxd5 5.
Nf3 Nc6 6.
O-O Be7 7.
Nc3 Nb6 8.
d3 O-O 9. a3 Be6 10. Be3 Nd5 11. Nxd5 Bxd5 12. b4 Re8 13. Rc1 Bf8 14. Qc2 a6 15. Rfe1 Rc8 16. Bc5 Bxf3 17.
Bxf3 Nd4 18.
Bxd4 Qxd4 19. Bxb7 Rb8 20. Bxa6 Qa7 21. Bc4 Qxa3 22. b5 Bd6 23. Ra1 Qc5 24. Rec1 Qd4 25. e3 Qg4 26. Ra6 g6 27. Rc6 Qd7 28. Qe2 Rb6 29. Qf3 Rxc6 30. bxc6 Qe7 31. Rb1 Kg7 32. Rb7 h5 33. h4 Ra8 34. Kg2 Ra5 35. Rb8 Ra3 36. Qd5 Ra1 37. Qb5 Qf6 38. Qd5 Rc1 39. Qf3 Qxf3+ 40. Kxf3 Ra1 41. Rd8 f5 42. Rxd6 1-0

[Site "Europe Echecs"]

[Event "Championnat d'Europe de Blitz"]
[Date "2024.12.09"]
[White "Alonso Rosell, Alvar"]
[Black "Grigoriants, Sergey"]
[WhiteElo "2532"]
[BlackElo "2542"]
[Round "6.13"]
[Result "1/2-1/2"]
[TimeControl "180+2"]

1. d4 Nf6 2.
Nf3 d5 3. e3 c6 4. h3 Bf5 5. Nh4 Be6 6. Bd3 g6 7. O-O Bg7 8. Nd2 O-O 9. c3 Qc7 10. e4 dxe4 11.
Nxe4 Nxe4 12. Bxe4 Nd7 13. Re1 Rfe8 14. Bc2 Bd5 15. Nf3 e5 16. Nxe5 Nxe5 17. dxe5 Bxe5 18. Be3 Bh2+ 19. Kh1 Bf4 20. Qd2 Bxe3 21.
Rxe3 Qb6 22.
Rae1 Rxe3 23. Rxe3 Qxb2 24. h4 Qxa2 25. h5 Qc4 26. Kg1 Rf8 27. Rg3 Qh4 28. h6 Re8 29. Re3 Kf8 30. c4 Qxc4 31. Rxe8+ Kxe8 32. Qe3+ Kd7 33. Bd1 Qe4 34. Qh3+ f5 35. Bf3 Qe1+ 36. Kh2 Qe5+ 37. Kg1 Qf4 38. Bxd5 cxd5 39. g3 Qg5 40. Qf1 a6 41. Qb1 Kc7 42. Qc2+ Kb8 43. Qc5 Qd8 44. Qd4 b6 45. Qg7 Qc7 46. Qg8+ Ka7 47. Qxd5 a5 48. Kh2 Qe7 49. Qd4 Ka6 50. Qc4+ Kb7 51. Qd4 Qc7 52. Kh3 b5 53. Qd5+ Ka6 54. Qe6+ Qb6 55. Qc8+ Qb7 56. Qe6+ Ka7 57. Qe3+ Ka6 58. Qe6+ Ka7 59. Qe3+ Ka6 60.
Qe6+ 1/2-1/2

[Site "Europe Echecs"]

[Event "Championnat d'Europe de Blitz"]
[Date "2024.12.09"]
[White "Mohr, Georg"]
[Black "Pantsulaia, Levan"]
[WhiteElo "2385"]
[BlackElo "2522"]
[Round "6.14"]
[Result "1/2-1/2"]
[TimeControl "180+2"]

1. d4 c5 2.
e3 Nf6 3.
Nf3 b6 4.
Bd3 Bb7 5.
Nbd2 cxd4 6.
exd4 e6 7. O-O Be7 8. Qe2 O-O 9. c3 d6 10. Ne4 Nbd7 11. Bf4 Nxe4 12. Bxe4 Bxe4 13. Qxe4 Nf6 14. Qe2 Qd7 15. a4 a6 16. Nd2 b5 17. axb5 Qxb5 18. Qxb5 axb5 19. Nb3 Nd5 20. Bd2 Nb6 21. Rxa8 Rxa8 22. Ra1 Ra4 23. Rxa4 bxa4 24. Na1 Nc4 25. Bc1 d5 26. Kf1 h6 27. Ke2 Bg5 28. f4 Be7 29. Kd3 g5 30. b3 axb3 31. Nxb3 g4 32.
Nd2 Nxd2 33.
Bxd2 Kg7 34. h3 h5 35. hxg4 hxg4 36. g3 Kg6 37. c4 dxc4+ 38. Kxc4 Kf5 39. Kd3 Bd6 40. Be1 Bxf4 41. gxf4 Kxf4 42.
Ke2 g3 43. Bd2+ Ke4 44. Kf1 Kf3 45. Bh6 f5 46. Bg5 f4 47. Bh6 Kg4 48. Bg7 f3 49. Be5 Kh3 50. Kg1 Kh4 51. Kf1 Kg4 52. Kg1 Kh3 53. Kf1 Kh2 54. Bd6 Kh3 55. Kg1 Kg4 56. Kf1 1/2-1/2

[Site "Europe Echecs"]

[Event "Championnat d'Europe de Blitz"]
[Date "2024.12.09"]
[White "Krallis, Christos"]
[Black "Dardha, Daniel"]
[WhiteElo "2383"]
[BlackElo "2639"]
[Round "6.15"]
[Result "0-1"]
[TimeControl "180+2"]

1. e4 c5 2. Nf3 Nc6 3. Bb5 e6 4. O-O Nge7 5. Re1 a6 6. Bf1 d5 7. exd5 Nxd5 8. d4 Nf6 9. Be3 cxd4 10. Nxd4 Bd7 11. c4 h5 12. h3 Nxd4 13. Qxd4 Bc6 14. Nc3 Qxd4 15. Bxd4 Bd6 16. Rad1 O-O-O 17. b3 Bb4 18. Be5 Nd7 19. Bxg7 Rhg8 20. a3 Bxa3 21. Bd4 Bb4 22. Rc1 Nc5 23. Bxc5 Bxc5 24. Ne4 Bd4 25. c5 Kc7 26. Nd6 Rg7 27. Red1 Bb2 28. Rc2 Be5 29. Rcd2 Rdg8 30. g3 h4 31. Bg2 hxg3 32.
Bxc6 Kxc6 33. f3 g2 34. Nc4 Bh2+ 35. Kxh2 g1=Q+ 36.
Rxg1 Rxg1 37. b4 f6 38. Na5+ Kb5 39. Nxb7 Rf1 40. Nd6+ Kxb4 41. c6 Rc1 42. Ne4 Rxc6 43. Nxf6 Rgc8 44. Kg3 a5 45. Ne4 e5 46. Rd5 Rg8+ 47. Kf2 a4 48. Rd7 a3 49. Rb7+ Ka5 50. Ra7+ Ra6 51. Re7 a2 0-1

[Site "Europe Echecs"]

[Event "Championnat d'Europe de Blitz"]
[Date "2024.12.09"]
[White "Djukic, Nikola"]
[Black "Dragnev, Valentin"]
[WhiteElo "2493"]
[BlackElo "2563"]
[Round "6.16"]
[Result "1-0"]
[TimeControl "180+2"]

1. e4 c6 2. Nc3 d5 3. Nf3 Bg4 4. h3 Bxf3 5. Qxf3 e6 6. d4 Nf6 7.
Be2 dxe4 8.
Qe3 Bb4 9.
O-O Bxc3 10.
bxc3 O-O 11.
c4 Nbd7 12.
Rb1 Qc7 13.
Rd1 Rfe8 14.
Qg5 h6 15.
Qh4 e5 16. Qg3 Kh8 17. Bb2 Rac8 18. Rbc1 exd4 19.
Qxc7 Rxc7 20. Rxd4 Kg8 21. Rcd1 Ne5 22. Rd6 Rce7 23. Bd4 a6 24. Rb1 Rc8 25. Kf1 Kf8 26. Ke1 Ke8 27. a4 Rcc7 28. a5 Ned7 29. Kd2 c5 30. Be3 Ne5 31. Bf4 g5 32. Bg3 h5 33. Rxf6 h4 34. Bh2 Rcd7+ 35. Kc3 Nc6 36. Bg4 Rd4 37. Bd6 Nxa5 38. Bxe7 Kxe7 39. Rfb6 Rxc4+ 40. Kd2 Rd4+ 41. Kc1 Rd5 42. Ra1 Nc4 43. Rxb7+ Kf8 44. Rxa6 Ne5 45. Be2 Ng6 46. Rf6 Ne5 47. Bh5 Rd4 48.
Rfxf7+ Nxf7 49. Rxf7+ Kg8 50. Rf5 Kh7 51.
Rxg5 1-0

[Site "Europe Echecs"]

[Event "Championnat d'Europe de Blitz"]
[Date "2024.12.09"]
[White "Smeets, Jan"]
[Black "Cvitan, Ognjen"]
[WhiteElo "2552"]
[BlackElo "2413"]
[Round "6.17"]
[Result "1-0"]
[TimeControl "180+2"]

1. e4 c5 2.
Nf3 d6 3. d4 cxd4 4. Nxd4 Nf6 5. Nc3 a6 6. Be2 e5 7. Nf3 Be7 8. O-O O-O 9. Re1 Nbd7 10. a4 b6 11. Bc4 Bb7 12. Nd2 Qc7 13. b3 Rfd8 14. Nf1 h6 15. Ne3 Bc6 16. Ned5 Nxd5 17. Nxd5 Bxd5 18. Qxd5 Rf8 19. Ba3 b5 20. axb5 Nb6 21. Qd3 Nxc4 22. bxc4 Rfc8 23. Bb2 Qxc4 24. bxa6 Qxc2 25.
Qxc2 Rxc2 26. Bc1 Rc6 27. a7 Rc7 28. Be3 Bg5 29. Bb6 Rb7 30. Ra6 Bd2 31. Rd1 Bb4 32. Kf1 f6 33. Ke2 Kf7 34. Rda1 Ke6 35. g4 g6 36. Kf3 f5 37. gxf5+ gxf5 38. exf5+ Kxf5 39. Rc1 d5 40. Rc6 d4 41. Ke2 Ke4 42. f3+ Kd5 43. Rxh6 Rg7 44. Kd3 Rf7 45. Ke2 Rg7 46. Kf1 1-0

[Site "Europe Echecs"]

[Event "Championnat d'Europe de Blitz"]
[Date "2024.12.09"]
[White "Larkin, Vladyslav"]
[Black "Baidetskyi, Valentin"]
[WhiteElo "2449"]
[BlackElo "2519"]
[Round "6.18"]
[Result "0-1"]
[TimeControl "180+2"]

1. e4 e5 2. Nf3 Nc6 3. Bb5 a6 4. Ba4 Nge7 5. Nc3 d6 6. d3 h6 7. a3 g6 8. Be3 Bg7 9. Bb3 Be6 10. Bxe6 fxe6 11. h4 Qd7 12. h5 g5 13. Nh2 d5 14. Bc5 Ng8 15. a4 O-O-O 16. Ng4 Nf6 17.
Nxf6 Bxf6 18. Ba3 Be7 19. O-O Rhf8 20. Bxe7 Qxe7 21. Re1 Qc5 22.
Rf1 Rf6 23.
Qg4 Kb8 24.
Rae1 d4 25.
Nb1 Qxc2 26.
Qg3 Qxb2 27. Rc1 Rf4 28. Qh3 Rdf8 29. f3 g4 30. Qg3 gxf3 31. gxf3 0-1

[Site "Europe Echecs"]

[Event "Championnat d'Europe de Blitz"]
[Date "2024.12.09"]
[White "Gatineau, Yovann"]
[Black "Ragger, Markus"]
[WhiteElo "2363"]
[BlackElo "2577"]
[Round "6.19"]
[Result "0-1"]
[TimeControl "180+2"]

1. d4 Nf6 2. Bf4 g6 3. Nc3 d5 4. e3 Bg7 5. Nb5 Na6 6. Nc3 Nb8 7. Nb5 Na6 8. Nc3 O-O 9. Bxa6 bxa6 10. Nf3 c5 11. dxc5 Qa5 12. Be5 Qxc5 13. O-O Bb7 14. Qd4 Qxd4 15. exd4 Rfc8 16. Rfc1 Ne4 17. Bxg7 Nxc3 18. bxc3 Kxg7 19. Rab1 Bc6 20. Ne5 Bb5 21. Rb3 Rc7 22. Nd3 Bc4 23. Ra3 Rb8 24. Nc5 Rb2 25. h4 Rc6 26. Kh2 Rxa2 27. Rxa2 Bxa2 28. Ra1 Bc4 29. Ra5 Rb6 30. Nd3 Bxd3 31. cxd3 Rb3 32. Rxd5 Rxc3 33. Ra5 Rxd3 34. d5 Rb3 35. Rxa6 Rb7 36. g3 Rd7 37. Kg2 Kf8 38. Kf3 Ke8 39. Ke4 Kd8 40. Kd4 Kc8 41. Kc5 Kb7 42. Ra2 Rc7+ 43. Kd4 a6 44. Rb2+ Ka7 45. Ke5 a5 46. Rb5 Ka6 47. Rb8 a4 48. d6 Rc5+ 49. Kd4 exd6 50. Ra8+ Kb5 51. Ra7 Rf5 52. f4 Kb4 53. Rb7+ Rb5 0-1

[Site "Europe Echecs"]

[Event "Championnat d'Europe de Blitz"]
[Date "2024.12.09"]
[White "Trushko, Andrii"]
[Black "Livaic, Leon"]
[WhiteElo "2143"]
[BlackElo "2560"]
[Round "6.20"]
[Result "1-0"]
[TimeControl "180+2"]

1. d4 d6 2. e4 Nf6 3. f3 e6 4. c4 Be7 5. Nc3 O-O 6. Bd3 c5 7. d5 Nbd7 8. Nge2 Ne5 9. O-O a6 10. a4 Rb8 11. Be3 Bd7 12. h3 exd5 13. exd5 Re8 14. Bf2 Bf8 15. f4 Nxd3 16. Qxd3 Qb6 17. a5 Qc7 18. g4 b5 19. axb6 Rxb6 20. Ra2 Reb8 21. Ng3 Rxb2 22. Rxa6 g6 23. f5 Bg7 24. fxg6 hxg6 25. Qf3 Nh7 26. Nge4 Be5 27. Bg3 Bc8 28. Bxe5 dxe5 29. Rc6 Qe7 30. d6 Qf8 31. Nd5 Be6 32. d7 R8b3 33. Ndf6+ Nxf6 34. Qxf6 Rd3 35. Rxe6 Rxd7 36. Rxe5 Rd3 37. Qh4 Kg7 38. Nf6 Rdd2 39. Qh7# 1-0

[Site "Europe Echecs"]

[Event "Championnat d'Europe de Blitz"]
[Date "2024.12.09"]
[White "Janik, Igor"]
[Black "Nikolovski, Nikola"]
[WhiteElo "2515"]
[BlackElo "2407"]
[Round "6.21"]
[Result "0-1"]
[TimeControl "180+2"]

1. e4 d5 2.
Nc3 d4 3.
Nce2 e5 4.
Ng3 Be6 5. b3 Nd7 6. h4 h5 7. Nf3 f6 8. Be2 g6 9. O-O Ne7 10. Bc4 Bg4 11. Be2 Nc5 12. Ne1 Bxe2 13. Qxe2 Nc6 14. d3 Ne6 15. Nh1 Bh6 16. Bxh6 Rxh6 17. g3 Qd6 18. Ng2 g5 19. Qd2 O-O-O 20. a3 Rg8 21. b4 Ne7 22. b5 Ng6 23. hxg5 fxg5 24.
a4 Rgh8 25. b6 cxb6 26. a5 b5 27. a6 b6 28. Rab1 h4 29. Rxb5 Qd7 30. Rd5 Qh7 31. g4 h3 32. Ne1 h2+ 33. Kg2 Rh3 34. f3 Nef4+ 35. Kf2 Nxd5 36. exd5 Qf7 37. Qxg5 Nf4 38. Qxe5 R3h6 39. Qxd4 Re8 40. Ng3 Rh3 41. Rh1 Qe7 42. Ne4 Kb8 43. Ke3 Ng6 44. Kd2 Ne5 45. Kc1 Nf7 46. d6 Qd7 47. Nf6 Rxe1+ 48. Rxe1 Qd8 49. Qd5 Nxd6 50. Rh1 Qe7 51. Ne4 Nf7 52. Kb1 Ne5 53. f4 Nxg4 54. f5 Ne3 55. Qc6 Nxf5 56. Ka2 Nd4 57. Qd5 Qe6 58. Qxe6 Nxe6 59. Nf2 Rh4 60. Nd1 Nd4 61. Ne3 Nf3 62. Kb3 Rh3 63. Kc3 Kc7 64. Nd5+ Kc6 65. Nf6 Rh4 66. Ne4 Ne5 67. Ng3 Nf3 68. Nf5 Rh5 69. Ng3 Rh3 70. Ne2 Kb5 71. d4 Ng1+ 72. Kd2 Nxe2 73.
Kxe2 Kxa6 74. Kf2 Kb5 75. Kg2 Rh5 76. Rxh2 Rxh2+ 0-1

[Site "Europe Echecs"]

[Event "Championnat d'Europe de Blitz"]
[Date "2024.12.09"]
[White "Herega, Nejc"]
[Black "Dvirnyy, Danyyil"]
[WhiteElo "2249"]
[BlackElo "2491"]
[Round "6.22"]
[Result "1/2-1/2"]
[TimeControl "180+2"]

1. Nf3 Nf6 2. d4 e6 3. Bf4 h6 4. h3 d5 5. e3 Bd6 6. Nbd2 c5 7. c3 Nc6 8. Bd3 O-O 9. Bxd6 Qxd6 10. dxc5 Qxc5 11. O-O e5 12. e4 Be6 13. Qc2 Rac8 14. Rac1 Qb6 15. Qb1 Rfd8 16. Rfd1 a5 17. b3 dxe4 18. Nxe4 Nd5 19. Bc4 f5 20. Ng3 e4 21. Nh4 Nce7 22. Bxd5 Rxd5 23.
Rxd5 Nxd5 24. Nhxf5 Nxc3 25. Qb2 Bxf5 26.
Nxf5 Qf6 27. Kf1 Qxf5 28. Rxc3 Qb5+ 29. Kg1 Rxc3 30.
Qxc3 Qe2 31. Qc8+ Kh7 32. Qf5+ Kh8 33. Qf8+ Kh7 34. Qf5+ Kg8 35. Qc8+ Kh7 36. Qf5+ 1/2-1/2

[Site "Europe Echecs"]

[Event "Championnat d'Europe de Blitz"]
[Date "2024.12.09"]
[White "Paichadze, Luka"]
[Black "Horvath, Dominik"]
[WhiteElo "2532"]
[BlackElo "2542"]
[Round "6.23"]
[Result "1-0"]
[TimeControl "180+2"]

1. e4 d5 2.
exd5 Qxd5 3. Nc3 Qa5 4. g3 h5 5. Bg2 h4 6. d4 h3 7. Bf3 Nf6 8. Bf4 c6 9. Qd2 Bf5 10. O-O-O e6 11. Nge2 Nbd7 12. Kb1 Nb6 13. Nd5 Qxd2 14.
Nxf6+ gxf6 15. Bxd2 O-O-O 16. b3 e5 17. dxe5 fxe5 18. Bg5 Rxd1+ 19. Rxd1 Bc5 20. Nc3 Rg8 21. Bf6 Nd7 22. Bh4 Bxf2 23. Ne4 Bxe4 24. Bxe4 Bd4 25. Bf5 Kc7 26. c3 Bxc3 27. Rxd7+ Kb6 28.
Rd8 Rg7 29.
Bf6 1-0

[Site "Europe Echecs"]

[Event "Championnat d'Europe de Blitz"]
[Date "2024.12.09"]
[White "Upleger, Martin"]
[Black "Bernadskiy, Vitaliy"]
[WhiteElo "2297"]
[BlackElo "2546"]
[Round "6.24"]
[Result "1/2-1/2"]
[TimeControl "180+2"]

1. d4 Nf6 2.
Nf3 g6 3. Bg5 Bg7 4. Nbd2 O-O 5. c3 d6 6. e4 h6 7. Bh4 c5 8. dxc5 dxc5 9. Bc4 Nc6 10. Qe2 Nh5 11. Qe3 b6 12. O-O Qc7 13. Bg3 Nxg3 14. hxg3 Bb7 15. Rfe1 Rad8 16. Bf1 e6 17. a4 Na5 18.
Nc4 Nxc4 19.
Bxc4 Bc6 20.
Qe2 Rd7 21.
Bb5 Rfd8 22.
a5 Rb8 23.
axb6 axb6 24. Red1 Rbd8 25. Rxd7 Qxd7 26. Bxc6 Qxc6 27. Ra6 c4 28. Qe3 Rb8 29. Ra7 g5 30. g4 Rd8 31. g3 Rd3 32. Qe2 Qd6 33. Kg2 b5 34. Rb7 Qc6 35. Rb8+ Kh7 36.
Ne1 Rd7 37.
Nf3 Bf6 38.
Qc2 Kg7 39.
Qe2 Rd3 40.
Ne1 Rd7 41.
Nf3 Rd3 42.
Ne1 Rd7 43.
Nf3 Kh7 44. Qc2 Kg7 45. Qe2 Re7 46. Qe3 Rd7 47. Qe2 Rd3 48. Ne1 Rd7 49. Nf3 1/2-1/2

[Site "Europe Echecs"]

[Event "Championnat d'Europe de Blitz"]
[Date "2024.12.09"]
[White "Ghimpu, Samuel-Timotei"]
[Black "Pancevski, Filip"]
[WhiteElo "2475"]
[BlackElo "2420"]
[Round "6.25"]
[Result "1-0"]
[TimeControl "180+2"]

1. d4 Nf6 2.
Nf3 g6 3. Nbd2 Bg7 4. e4 d6 5. Bb5+ Bd7 6. a4 O-O 7. O-O a6 8. Bd3 Nc6 9. Re1 e5 10. c3 Re8 11. h3 Nh5 12. d5 Ne7 13. a5 Rf8 14. b4 Qe8 15. c4 f5 16. c5 Nf4 17. Bf1 dxc5 18. bxc5 fxe4 19. Nxe4 Nfxd5 20. Bc4 Bc6 21. Bb2 Kh8 22. Bxe5 Qf7 23. Nfg5 Qg8 24. Bxg7+ Kxg7 25. Qd4+ Kh6 26. Nf6 Rxf6 27. Qh4+ Kg7 28. Rxe7+ Nxe7 29. Bxg8 h6 30. Ne6+ 1-0

[Site "Europe Echecs"]

[Event "Championnat d'Europe de Blitz"]
[Date "2024.12.09"]
[White "Gavrilescu, David"]
[Black "Hamitevici, Vladimir"]
[WhiteElo "2549"]
[BlackElo "2423"]
[Round "6.26"]
[Result "1/2-1/2"]
[TimeControl "180+2"]

1. e4 c5 2.
Nf3 d6 3. d4 cxd4 4. Qxd4 a6 5. h3 e5 6. Qd3 Nd7 7. Bg5 Be7 8. Bxe7 Qxe7 9. Nc3 Nc5 10. Qe3 Be6 11. Be2 Nf6 12. a4 O-O 13. O-O Rac8 14.
Rfd1 Rc6 15.
a5 Rfc8 16.
Nd5 Bxd5 17.
exd5 R6c7 18. b4 Ncd7 19. c4 e4 20. Nd2 Qe5 21. Re1 Nf8 22. Bd1 Re7 23. Ra3 Ng6 24. Rb3 h5 25. Be2 Nh4 26. Bf1 Nf5 27. Qc3 Nd4 28. Rbb1 Nxd5 29. Qb2 Nf6 30. Kh1 Nf5 31. Qxe5 Rxe5 32. Rbd1 e3 33.
Nf3 Re7 34.
fxe3 Rxe3 35. Kg1 Rxe1 36. Rxe1 Kf8 37. Bd3 Ne7 38. Nd4 Nc6 39. Nf5 Nxb4 40. Bf1 d5 41. Nd6 Rc7 42. cxd5 Nbxd5 43. Rb1 Ne8 44. Nxb7 Nc3 45.
Rb3 Nb5 46. Nd8 Rc8 47. Bxb5 Rxd8 48. Bxa6 Ra8 49. Rb6 Nc7 50. Bc4 Rxa5 51. Rc6 Ne8 52. Kf2 Rf5+ 53. Kg3 Rf6 54. Rc8 Ke7 55. Ra8 Rc6 56. Rxe8+ Kxe8 57. Bb5 Kd7 58. Kh4 Kd6 59.
Bxc6 Kxc6 60. Kxh5 Kd6 61. Kg5 Ke6 62. h4 Ke5 63. h5 Ke4 64. g4 Ke5 65. h6 gxh6 66. Kxh6 Kf4 67. Kg7 Kxg4 68. Kxf7 1/2-1/2

[Site "Europe Echecs"]

[Event "Championnat d'Europe de Blitz"]
[Date "2024.12.09"]
[White "Navara, David"]
[Black "Nevednichy, Vladislav"]
[WhiteElo "2665"]
[BlackElo "2451"]
[Round "6.27"]
[Result "0-1"]
[TimeControl "180+2"]

1. e4 e6 2.
d4 d5 3. Nc3 Nf6 4. e5 Nfd7 5. f4 c5 6. Nf3 Nc6 7. Be3 Be7 8. Qd2 O-O 9. dxc5 Qa5 10. a3 a6 11. Rb1 Bxc5 12. Bxc5 Qxc5 13. b4 Qa7 14. Bd3 f6 15. b5 axb5 16. Nxb5 Qb6 17. c4 Nc5 18. cxd5 exd5 19. Bc2 fxe5 20. Ng5 Qa5 21. Bxh7+ Kh8 22. Qxa5 Rxa5 23. fxe5 Nxe5 24. Rf1 Re8 25. Kd1 Bg4+ 26. Kc2 g6 27. Rfe1 Bf5+ 28. Kd1 Bxb1 29. Nd6 Re7 30. Nc8 Rxh7 31. Nxh7 Kxh7 32. Rxe5 Ne4 33. Kc1 Ba2 34. Nb6 Nf6 35. Re6 Kg7 36. Kb2 Bc4 37. Re7+ Kh6 38. Rxb7 Rb5+ 39. Kc2 d4 40. Rc7 Bb3+ 41. Kd3 Rxb6 42. Kxd4 Kg5 43. Rc5+ Kf4 44. Kd3 Bd5 45. g3+ Ke5 46.
Kc2 Ra6 47.
Kb2 Kd4 48. Rb5 Ne4 49. Rb4+ Bc4 50. a4 Rf6 51. Ka3 Rf3+ 52. Kb2 Rf2+ 0-1

[Site "Europe Echecs"]